 Dungeon Crawl Stone Soup version 0.30-a0-782-ge64f9170bb (webtiles) character file.

Game seed: 13656651185494343609

65 mopl the Gusty (level 3, 0/23 (26) HPs)
             Began as a Draconian Air Elementalist on Mar 14, 2023.
             Succumbed to an orc's poison
             ... on level 3 of the Dungeon.
             The game lasted 00:04:13 (1608 turns).

mopl the Gusty (Draconian Air Elementalist)         Turns: 1608, Time: 00:04:14

HP:   0/23 (26)     AC:  7    Str: 10    XL:     3   Next: 92%
MP:   2/7           EV: 12    Int: 17    God:
Gold: 90            SH:  0    Dex: 11    Spells: 4/7 levels left

rFire   . . .      SeeInvis .    v - +0 whip (venom)
rCold   . . .      Faith    .    (no shield)
rNeg    . . .      Spirit   .    (body armour unavailable)
rPois   .          Reflect  .    u - +1 hat
rElec   .          Harm     .    (no cloak)
rCorr   .          Rampage  .    (no gloves)
Will    .....                    t - +0 pair of boots
Stlth   ++                       (no amulet)
HPRegen 0.23/turn                (no ring)
MPRegen 0.10/turn                (no ring)

@: lethally poisoned (0 -> -1), heavily drained
A: AC +5, unfitting armour, cold-blooded
a: no special abilities


You were on level 3 of the Dungeon.
You visited 1 branch of the dungeon, and saw 3 of its levels.

You collected 90 gold pieces.

Inventory:

Hand Weapons
 e - a +0 short sword
 v - a +0 whip of venom (weapon)
Missiles
 i - 5 atropa-tipped darts
 q - 2 boomerangs
Armour
 t - a +0 pair of boots (worn)
 u - a +1 hat (worn)
Scrolls
 c - a scroll of poison {unknown}
 g - a scroll of summoning {unknown}
 j - a scroll of noise {unknown}
 l - a scroll of amnesia {unknown}
 m - a scroll of identify {unknown}
 n - 2 scrolls of immolation {unknown}
 o - a scroll of fog {unknown}
Potions
 a - a potion of magic
 b - a potion of cancellation {unknown}
 d - a potion of curing {unknown}
 f - a potion of might {unknown}
 h - a potion of resistance {unknown}
 k - 2 potions of degeneration {unknown}
 p - a potion of flight {unknown}
 r - 2 potions of brilliance {unknown}
 s - a potion of haste {unknown}


   Skills:
 - Level 1.7 Dodging
 - Level 1.7 Stealth
 + Level 2.8 Spellcasting
 + Level 2.2 Conjurations
 + Level 3.7 Air Magic


You had 4 spell levels left.
You knew the following spells:

 Your Spells              Type           Power      Damage    Failure   Level
a - Shock                 Conj/Air       48%        1d6       5%          1
b - Static Discharge      Conj/Air       24%        2-3/arc   8%          2

Your spell library contained the following spells:

 Spells                   Type           Power      Damage    Failure   Level
 Swiftness                Air            15%        N/A       12%         3
 Ensorcelled Hibernation  Hex/Ice        4%         N/A       26%         2
 Airstrike                Air            7%         2d(2-18)  36%         4
 Spider Form              Tmut/Pois      2%         N/A       47%         3
 Anguish                  Hex/Necr       1%         N/A       87%         4


Dungeon Overview and Level Annotations

Branches:
Dungeon (3/15)

Altars:


Innate Abilities, Weirdness & Mutations

Your plain brown scales are hard. (AC +5)
You cannot fit into any form of body armour.
You are cold-blooded and may be slowed by cold attacks.


Message History

The orc barely misses you.
The orc shouts!
You hear a shout!
The orc attacks as you move away!
The orc hits you with a +0 whip of venom.
You are poisoned.
You feel very sick.
The zap hits the orc.
You kill the orc!
The zap hits the orc.
The orc is moderately wounded.
You feel sick.
An orc comes into view.
It is wielding a +2 falchion of draining.
The zap hits the orc.
The orc is almost dead.
You feel sick.
The zap hits the orc.
You kill the orc!
You feel sick.
You feel sick.
An orc comes into view. It is wielding a +0 falchion.
Things that are here:
a +0 whip of venom; an orc corpse
v - a +0 whip of venom You feel sick.
The orc hits you with a +2 falchion of draining!
You feel drained.
* * * LOW HITPOINT WARNING * * *
Your +0 whip of venom begins to drip with poison!
v - a +0 whip of venom (weapon)
You completely miss the orc.
You feel sick.
The orc hits you with a +2 falchion of draining.
* * * LOW HITPOINT WARNING * * *
You feel drained.
* * * LOW HITPOINT WARNING * * *
Casting: Shock (safe; 5% risk of failure)
Confirm with . or Enter, or press ? or * to list all spells.
Aiming: Shock (safe; 5% risk of failure)
Press: ? - help, Shift-Dir - straight line The zap hits the orc.
You kill the orc!
You die...

>........#
.......<.#######
...............#
.........#####.##
.........# .# #
.#.....#.######.####..
#####.....##........#
#.....#.........#
#.....o)@........
#......##########
#.....## #.....#
#...... #####... #...
..


You could see an orc.

Vanquished Creatures
  An adder (D:2)
  A worm (D:2)
  3 orcs (D:3)
  3 ball pythons
  4 endoplasms
  4 giant cockroaches
  6 goblins
  5 hobgoblins
  4 kobolds (D:1)
  A quokka (D:2)
  9 bats
  2 frilled lizards
  2 rats
45 creatures vanquished.

Notes
Turn   | Place    | Note
-------+----------+-------------------------------------------
     0 | D:1      | mopl the Draconian Air Elementalist began the quest for the
                  | Orb.
     0 | D:1      | Reached XP level 1. HP: 14/14 MP: 3/3
   230 | D:1      | Found a faded altar of an unknown god.
   359 | D:1      | Reached XP level 2. HP: 20/20 MP: 5/5
   362 | D:1      | Learned a level 2 spell: Static Discharge
   925 | D:2      | Reached XP level 3. HP: 26/26 MP: 2/6
  1005 | D:2      | Reached skill level 2 in Conjurations
  1607 | D:3      | HP: 1/23 [orc/+2 falchion of draining (1)]
  1608 | D:3      | Succumbed to an orc's poison

Illustrated notes

Levels and vault maps discovered:
D:1:      lightli_arrival_statue_moat, layout_loops_ring,
          nicolae_ecumenical_lake_church, minmay_misc_feat_x, minivault_11,
          hangedman_glass_garden, minmay_misc_feat_columns
D:2:      layout_loops_cross, supply_closet_lemuel, minmay_3d_cube
D:3:      layout_rooms, minmay_close_crescents, uniq_ijyb

Skill      XL: |  1  2  3 |
---------------+----------+-----
Conjurations   | 2 |  2.2
Dodging        | |  1.7
Stealth        | |  1.7
Spellcasting   | |  2.8
Air Magic      | |  3.7

Action                     || total
---------------------------++-------
  Melee: Unarmed           ||    15
         Short sword       ||    63
         Tailslap          ||    11
         Punch             ||     3
         Whip              ||     1
   Cast: Shock             ||    65
 Armour: Skin              ||    48
  Dodge: Dodged            ||    92

Table legend: (Time is in decaauts)
 A = Elapsed time spent in this place.
 B = Non-inter-level travel time spent in this place.
 C = Inter-level travel time spent in this place.
 D = Time resting spent in this place.
 E = Time spent auto-exploring this place.
 F = Levels seen in this place.
 G = Mean time per level.
                   A        B        C        D        E       F      G
               +--------+--------+--------+--------+--------+-----+--------+
         Total |   1607 |   1535 |     72 |     56 |   1133 |   3 |  535.7 |
       Dungeon |   1607 |   1535 |     72 |     56 |   1133 |   3 |  535.7 |
               +--------+--------+--------+--------+--------+-----+--------+

Top non-repeatable levels by time:
     D:1: 835 daAuts
     D:2: 751 daAuts
     D:3: 20 daAuts
